 Dungeon Crawl Stone Soup version 0.27.1-3-gb3d3a73c9e (webtiles) character file.

Game seed: 12223550629172678796

91 ZARRMARR the Conjurer (level 4, -7/29 HPs)
             Began as an Octopode Conjurer on Oct 23, 2021.
             Mangled by Crazy Yiuf (14 damage)
             ... on level 2 of the Dungeon.
             The game lasted 00:04:30 (3267 turns).

ZARRMARR the Conjurer (Octopode Conjurer)           Turns: 3267, Time: 00:04:31

Health: -7/29      AC:  1    Str:  6    XL:     4   Next: 57%
Magic:  0/8        EV: 13    Int: 21    God:
Gold:   84         SH:  0    Dex: 10    Spells: 5/8 levels left

rFire    . . .     SeeInvis .   g - staff of conjuration
rCold    . . .     Faith    .   (no shield)
rNeg     . . .     Spirit   .   (helmet restricted)
rPois    .         Reflect  .   (no amulet)
rElec    .         Harm     .   (no ring)
rCorr    .         Rampage  .   (no ring)
Will     .....                  (no ring)
Stlth    +++.......             (no ring)
HPRegen  0.09/turn              (no ring)
MPRegen  0.11/turn              (no ring)
                                (no ring)
                                (no ring)

@: no status effects
A: almost no armour, amphibious, 8 rings, camouflage 1, gelatinous body 1,
(nimble swimmer 1), tentacles
a: no special abilities


You were on level 2 of the Dungeon.
You visited 1 branch of the dungeon, and saw 2 of its levels.

You collected 84 gold pieces.

Inventory:

Hand Weapons
 f - a +1 short sword of electrocution
Magical Staves
 g - a staff of conjuration (weapon)
Scrolls
 a - 2 scrolls of teleportation
 d - a scroll of torment
Potions
 b - a potion of might
 c - a potion of heal wounds
 e - a potion of curing {unknown}


   Skills:
 + Level 1.8 Fighting
 + Level 2.8 Dodging
 - Level 2.6 Stealth
 + Level 2.7 Spellcasting
 + Level 4.5 Conjurations


You had 5 spell levels left.
You knew the following spells:

 Your Spells              Type           Power      Damage    Failure   Level
a - Magic Dart            Conj           100%       1d8       2%          1
b - Searing Ray           Conj           64%        3d5       3%          2

Your spell library contained the following spells:

 Spells                   Type           Power      Damage    Failure   Level
 Apportation              Tloc           4%         N/A       14%         1
 Dazzling Flash           Conj/Hex       36%        N/A       16%         3
 Blink                    Tloc           N/A        N/A       21%         2
 Lesser Beckoning         Tloc           1%         N/A       38%         3
 Tukima's Dance           Hex            2%         N/A       38%         3
 Fulminant Prism          Conj/Hex       9%         3d7       47%         4
 Iskenderun's Mystic Bla  Conj/Tloc      18%        2d6       47%         4
 Passage of Golubria      Tloc           N/A        N/A       80%         4
 Alistair's Intoxication  Tmut/Pois      1%         N/A       98%         5
 Manifold Assault         Tloc           2%         N/A       98%         5
 Yara's Violent Unravell  Hex/Tmut       1%         3d3       98%         5
 Invisibility             Hex            1%         N/A       100%        6


Dungeon Overview and Level Annotations

Branches:
Dungeon (2/15)

Altars:
Ru

Annotations:
D:2 Crazy Yiuf


Innate Abilities, Weirdness & Mutations

You cannot wear most types of armour.
You are amphibious.
You can wear up to eight rings at the same time.
Your skin changes colour to match your surroundings (Stealth+).
Your rubbery body absorbs attacks. (AC +1, EV +1)
((You are camouflaged near water. (Stealth+)))
You have tentacles for arms and can constrict up to eight enemies at once.


Message History

You kill the giant cockroach!
You can't see any susceptible monsters within range! (Use Z to cast anyway.)
You can't see any susceptible monsters within range! (Use Z to cast anyway.)
There is a stone staircase leading up here.
Found Great Wizards, Vol.
VII.
You pick up Great Wizards, Vol.
VII and begin reading...
You add the spells Tukima's Dance, Passage of Golubria and Yara's Violent Unravelling to your library.
There is a faded altar of an unknown god here.
Could not explore, unopened runed door.
No reachable target in view!
As you read the scroll of identify, it crumbles to dust.
b - a potion of might
As you read the scroll of identify, it crumbles to dust.
c - a potion of heal wounds
Okay, then.
You open the door.
Crazy Yiuf shouts!
Casting: Magic Dart (safe; 2% risk of failure)
Confirm with . or Enter, or press ? or * to list all spells.
Aiming: Searing Ray (safe; 3% risk of failure)
Press: ? - help, Shift-Dir - straight line, f - Crazy Yiuf
Aim: Crazy Yiuf, wielding a +3 quarterstaff of chaos and wearing a +0 cloak (83% to hit)
You feel a surge of power!
The searing ray hits Crazy Yiuf.
Crazy Yiuf is moderately wounded. (Press . to maintain the ray.)
The searing ray hits Crazy Yiuf!
Crazy Yiuf is severely wounded.
Crazy Yiuf cries, "Fire!
Trifle Xom tired."
Crazy Yiuf hits you with a +3 quarterstaff of chaos!
Crazy Yiuf burns you.
The searing ray hits Crazy Yiuf.
Crazy Yiuf is almost dead.
Crazy Yiuf hits you with a +3 quarterstaff of chaos!
* * * LOW HITPOINT WARNING * * *
You feel your power leaking away.
Unknown command.
You hit Crazy Yiuf. Your grab misses Crazy Yiuf.
Crazy Yiuf is almost dead.
Crazy Yiuf hits you with a +3 quarterstaff of chaos!
You die...

# # # ##### #
#)..# #####
#...# ....#
... ###.# #g#
# #.########
♣@♣♣
###.##.....#
♣♣.♣
##.#.#.#####
♣.♣♣ #.###..#
♣♣.♣ ##.#...#
♣♣.♣♣
.......#
♣♣...♣
####...#
♣....♣ ##
#...# #....#
.###...######
#....####


You could see Crazy Yiuf.

Vanquished Creatures
  2 adders (D:2)
  4 dart slugs
  3 ball pythons (D:1)
  7 endoplasms
  8 giant cockroaches
  4 goblins
  3 hobgoblins (D:2)
  9 kobolds
  5 quokkas
  7 bats
  2 frilled lizards
  8 rats
  A bush (D:1)
63 creatures vanquished.

Vanquished Creatures (others)
  8 demonic plants (D:2)
  6 fungi (D:2)
  13 plants
  4 withered plants (D:2)
31 creatures vanquished.

Grand Total: 94 creatures vanquished

Notes
Turn   | Place    | Note
-------+----------+-------------------------------------------
     0 | D:1      | ZARRMARR the Octopode Conjurer began the quest for the Orb.
     0 | D:1      | Reached XP level 1. HP: 11/11 MP: 3/3
   245 | D:1      | Reached XP level 2. HP: 18/18 MP: 1/5
   505 | D:1      | Reached skill level 1 in Fighting
   515 | D:1      | Reached XP level 3. HP: 15/23 MP: 0/6
  1534 | D:1      | Learned a level 2 spell: Searing Ray
  2157 | D:2      | Reached XP level 4. HP: 20/28 MP: 2/7
  2487 | D:2      | Found a sacrificial altar of Ru.
  2542 | D:2      | Found a faded altar of an unknown god.
  2610 | D:2      | Found a runed translucent door.
  2611 | D:2      | Noticed Crazy Yiuf
  3267 | D:2      | Mangled by Crazy Yiuf

Illustrated notes

Levels and vault maps discovered:
D:1:      elethiomel_arrival_maze, layout_basic, serial_bayou_pond_b,
          minmay_misc_feat_four_crosses, lexackson_kobold_supper
D:2:      minmay_door_path, layout_loops_ring, basic_altar,
          shapermc_ecumenical_altar_gd, minmay_worlds_worst_comb,
          uniq_crazy_yiuf_cottage

Skill      XL: |  1  2 |
---------------+-------+-----
Fighting       | 1 |  1.8
Dodging        | |  2.8
Stealth        | |  2.6
Spellcasting   | |  2.7
Conjurations   | |  4.5

Action                   |  1- 3 |  4- 6 || total
-------------------------+-------+-------++-------
Melee: Unarmed           |    13 |       ||    13
       Constrict         |     4 |     1 ||     5
       Tentacles         |    37 |       ||    37
       Staff             |   210 |     7 ||   217
 Cast: Magic Dart        |    66 |    33 ||    99
       Searing Ray       |     1 |     5 ||     6
  Use: Scroll            |     2 |     2 ||     4
Dodge: Dodged            |     4 |     6 ||    10
